 Dungeon Crawl Stone Soup version 0.31.0-12-g77e489cdc1 (webtiles) character file.

Game seed: 10030081085353297801

162394 cdecastro the Fencer (level 17, -2/156 HPs)
             Began as a Grey Draconian Shapeshifter on Mar 1, 2024.
             Was a High Priest of Lugonu.
             Killed from afar by a salamander tyrant (38 damage)
             ... with a flame surge
             ... on level 4 of the Snake Pit.
             The game lasted 01:32:23 (41132 turns).

cdecastro the Fencer (Grey Draconian Shapeshifter) Turns: 41132, Time: 01:32:24

Health: -2/156     AC: 18    Str: 19      XL:     17   Next: 22%
Magic:  13/13      EV: 26    Int: 10 (11) God:    Lugonu [*****.]
Gold:   1310       SH:  0    Dex: 18      Spells: 16/16 levels left

rFire   . . .        a - +6 double sword (flame)
rCold   . . .        (no shield)
rNeg    . . .        (body armour unavailable)
rPois   +            (helmet restricted)
rElec   +            F - scarf {repulsion}
rCorr   .            J - +0 pair of gloves of Greed {Regen+ Dex+2}
SInv    .            z - +2 pair of boots
Will    +....        l - amulet "Debun" {Acrobat +Inv rElec MP-9}
Stlth   ++           E - ring of poison resistance
HPRegen 1.26/turn    i - +5 ring of evasion
MPRegen 0.13/turn

%: repel missiles, acrobat
@: weakened
A: AC +14, amphibious, unfitting armour, cold-blooded, deterioration 1
a: Renounce Religion, Evoke Invisibility, Depart the Abyss, Banish, Corrupt,
Enter the Abyss


You were on level 4 of the Snake Pit.
You worshipped Lugonu.
Lugonu was extremely pleased with you.
You visited 5 branches of the dungeon, and saw 27 of its levels.
You also visited: Bailey and Ice Cave.

You collected 3331 gold pieces.
You spent 2021 gold pieces at shops.

Inventory:

Hand Weapons
 a - a +6 double sword of flaming (weapon)
 x - the +8 great sword of Wixedush {heavy, rN++ Str-4 Dex+3}
   (You found it on level 4 of the Dungeon)

   Str-4:     It affects your strength (-4).
   Dex+3:     It affects your dexterity (+3).
   rN++:      It greatly protects you from negative energy.
 Y - the +7 triple crossbow "Nusat" {drain, rN+}
   (You found it on level 8 of the Dungeon)

   rN+:       It protects you from negative energy.
Missiles
 g - 10 javelins
Armour
 z - a +2 pair of boots (worn)
 F - a scarf of repulsion (worn)
 J - the +0 pair of gloves of Greed (worn) {Regen+ Dex+2}
   (You found it in an ice cave)

   Dex+2:     It affects your dexterity (+2).
   Regen+:    It increases your rate of health regeneration.
 M - a +2 cloak
 Z - a +1 tower shield of protection
Jewellery
 b - a ring of wizardry
 i - a +5 ring of evasion (right hand)
 l - the amulet "Debun" (around neck) {Acrobat +Inv rElec MP-9}
   (You acquired it in a bailey)

   [amulet of the acrobat]

   Acrobat:   It increases your evasion while moving and waiting.
   rElec:     It insulates you from electricity.
   MP-9:      It affects your magic capacity (-9).
   +Inv:      It lets you turn invisible.
 E - a ring of poison resistance (left hand)
 G - a ring of willpower
 L - a ring of flight
 T - a ring of ice
 U - the ring "Neppuf" {MP+9 Stlth+}
   (You found it in an ice cave)

   [ring of magical power]

   MP+9:      It affects your magic capacity (+9).
   Stlth+:    It makes you more stealthy.
Talismans
 q - the serpent talisman "Qoumamots" {rF+ rCorr Str+4 Dex-4}
   (You took it off Aizul on level 1 of the Snake Pit)

   [serpent talisman]

   Str+4:     It affects your strength (+4).
   Dex-4:     It affects your dexterity (-4).
   rF+:       It protects you from fire.
   rCorr:     It protects you from acid and corrosion.
Wands
 m - a wand of paralysis (20)
 r - a wand of mindburst (5)
 w - a wand of flame (40)
 y - a wand of iceblast (41)
 B - a wand of quicksilver (14)
 O - a wand of digging (17)
Scrolls
 c - 7 scrolls of identify
 e - 5 scrolls of poison
 f - 6 scrolls of immolation
 h - 7 scrolls of teleportation
 n - 2 scrolls of torment
 t - 3 scrolls of fog
 v - 3 scrolls of fear
 A - 2 scrolls of revelation
 D - 3 scrolls of vulnerability
 H - 2 scrolls of summoning
 N - 2 scrolls of silence
 V - 5 scrolls of blinking
 X - a scroll of enchant weapon
Potions
 d - 8 potions of heal wounds
 j - 5 potions of brilliance
 k - 3 potions of curing
 o - a potion of enlightenment
 p - 4 potions of invisibility
 u - a potion of attraction
 C - a potion of mutation
 I - 3 potions of might
 K - 2 potions of lignification
 P - 10 potions of haste
 R - 2 potions of magic
 S - 2 potions of berserk rage
Miscellaneous
 s - a tin of tremorstones (2/2)
 Q - a lightning rod (4/4)
 W - a sack of spiders


   Skills:
 - Level 15.2 Fighting
 - Level 16.0 Long Blades
 - Level 14.6 Dodging
 - Level 3.4 Unarmed Combat
 - Level 7.1 Invocations
 + Level 13.2 Evocations
 - Level 10.8 Shapeshifting


You had 16 spell levels left.
You didn't know any spells.
Your spell library contained the following spells:

 Spells                   Type           Power      Damage    Failure   Level
 Magic Dart               Conj           0%         1d3       36%         1
 Sandblast                Erth           0%         2d4       36%         1
 Slow                     Hex            0%         N/A       36%         1
 Summon Small Mammal      Summ           0%         N/A       36%         1
 Blink                    Tloc           0%         N/A       50%         2
 Cigotuvi's Dreadful Rot  Necr/Alch/Air  0%         N/A       50%         2
 Jinxbite                 Hex            0%         N/A       50%         2
 Lesser Beckoning         Tloc           0%         N/A       50%         2
 Mercury Vapours          Alch/Air       0%         N/A       50%         2
 Momentum Strike          Conj/Tloc      0%         3d8       50%         2
 Scorch                   Fire           0%         2d5       50%         2
 Searing Ray              Conj           0%         2d4       50%         2
 Static Discharge         Conj/Air       0%         3-3/arc   50%         2
 Call Canine Familiar     Summ           0%         N/A       75%         3
 Confusing Touch          Hex            0%         N/A       75%         3
 Dazzling Flash           Conj/Hex       0%         N/A       75%         3
 Gell's Gravitas          Tloc           0%         N/A       75%         3
 Ozocubu's Armour         Ice            0%         N/A       75%         3
 Passwall                 Erth           0%         N/A       75%         3
 Sigil of Binding         Hex            0%         N/A       75%         3
 Stone Arrow              Conj/Erth      0%         3d7       75%         3
 Teleport Other           Tloc           0%         N/A       75%         3
 Vampiric Draining        Necr           0%         2d6       75%         3
 Airstrike                Air            0%         2d(0-16)  98%         4
 Anguish                  Hex/Necr       0%         N/A       98%         4
 Brom's Barrelling Bould  Conj/Erth      0%         2d3       98%         4
 Cause Fear               Hex            0%         N/A       98%         4
 Dispel Undead            Necr           0%         3d6       98%         4
 Flame Wave               Conj/Fire      0%         2d4       98%         4
 Fulminant Prism          Conj/Alch      0%         3d5       98%         4
 Martyr's Knell           Necr/Summ      0%         N/A       98%         4
 Summon Blazeheart Golem  Fire/Summ      0%         N/A       98%         4
 Summon Lightning Spire   Summ/Air       0%         N/A       98%         4
 Borgnjor's Vile Clutch   Necr/Erth      0%         N/A       100%        5
 Fireball                 Conj/Fire      0%         3d3       100%        5
 Metabolic Englaciation   Hex/Ice        0%         N/A       100%        5
 Yara's Violent Unravell  Hex/Alch       0%         3d3       100%        5
 Death Channel            Necr           0%         N/A       100%        6
 Dispersal                Tloc           0%         N/A       100%        6
 Plasma Beam              Fire/Air       0%         2x1d10    100%        6
 Sculpt Simulacrum        Ice/Alch       0%         N/A       100%        6
 Summon Cactus Giant      Summ           0%         N/A       100%        6
 Enfeeble                 Hex            0%         N/A       100%        7
 Borgnjor's Revivificati  Necr           0%         N/A       100%        8
 Dragon's Call            Summ           0%         N/A       100%        9


Dungeon Overview and Level Annotations

Branches:
Dungeon (15/15)            Temple (1/1) D:4            Lair (5/5) D:8
 Shoals (0/4) Lair:2        Snake (4/4) Lair:3        Slime (0/5) Lair:5
    Orc (2/2) D:12            Elf (0/3) Orc:2        Vaults (0/5) D:14
 Depths (0/4) D:15         Bailey (visited)           IceCv (visited)

Altars:
Ashenzari
Cheibriados
Dithmenos
Elyvilon
Fedhas
Gozag
Hepliaklqana
Kikubaaqudgha
Makhleb
Nemelex Xobeh
Okawaru
Qazlal
Ru
Sif Muna
Trog
Uskayaw
Vehumet
Wu Jian
Xom
Yredelemnul
Zin
The Shining One
Lugonu

Shops:
D:4 :   D:14 =   Orc:1 (   Orc:2 [*=(   Snake:1 ??   Snake:2 *

Portals:
Abyss: Lair:5
Pandemonium: Orc:2
Trove: D:11 (give +2 storm dragon scales)

Annotations:
Lair:4 2 transporters, rodbeard's ghost, journeyman FoFi


Innate Abilities, Weirdness & Mutations

Your dull iron-grey scales are very hard. (AC +14)
You are amphibious.
You cannot fit into any form of body armour.
You are cold-blooded and may be slowed by cold attacks.
Your body sometimes deteriorates upon taking damage.


Message History

You start resting.
HP restored.
There is a fountain of clear blue water here.
A salamander tyrant comes into view.
Found a scroll of identify.
The salamander tyrant rends the earth beneath you!
The blast of magma engulfs you!!
You hear a shout!
Why would you want to do that?
Unknown command.
The salamander tyrant rends the earth beneath you!
The blast of magma engulfs you!!!
The salamander tyrant gazes fiercely through you!
You feel your attacks grow feeble.
A naga mage comes into view. It is wielding a +0 club.
The salamander tyrant calls gouts of flame from the lava!
The flame surge hits you!!!
* * * LOW HITPOINT WARNING * * *
You slice the salamander tyrant!!
The salamander tyrant is heavily wounded.
The salamander tyrant calls gouts of flame from the lava!
The flame surge hits you!!
* * * LOW HITPOINT WARNING * * *
Your body deteriorates!
You feel dopey.
You slash the salamander tyrant!
You tail-slap the salamander tyrant, but do no damage.
The salamander tyrant is severely wounded.
The naga mage casts a spell at something.
Unknown command.
You completely miss the salamander tyrant.
The salamander tyrant is severely wounded.
The salamander tyrant barely misses you.
Unknown command.
You slash the salamander tyrant!
The salamander tyrant is severely wounded.
The naga mage casts a spell.
The naga mage seems to speed up.
The salamander tyrant calls gouts of flame from the lava!
The flame surge hits you!!!
You die...

#..####.## ?## # #...##.).# ...#
##### ####..##...# ##+## ...#
#.... ...#..###..###...###N.##
#.##. ##.#...#....#.....#....#..
#.##. #.##.......8.....8≈......
#.##.
#.#####.......⌠.......######.##.
#.# ##..##....N##..##...##.##.
##.### #####...@.######.#.##.##.
.....# ##.≈.##...........##.
##.#.# ##...##[...#.#.##....
...#.# #####8...8...#.#...##.###
.###.# #........#.#.#........#..
.# #.####.....####.#.###.#.......
####.#.......)####.#.............
...#.#.###.........#####.##......
#....#.# #.........#####.##......


You could see a salamander tyrant and a naga mage (fast).

Vanquished Creatures
  Frances (D:13)
  Aizul (Snake:1)
  2 nagarajas
  A draconian knight (IceCv)
  Nessos (Lair:4)
  5 white draconians (IceCv)
  2 entropy weavers (shapeshifter)
  An ettin (Orc:2)
  Fannar (Lair:3)
  A rakshasa (D:15)
  3 demonspawn (Orc:2)
  3 centaur warriors
  2 hydras
  3 boulder beetles
  9 anacondas
  2 two-headed ogres
  9 naga warriors
  6 death yaks (Lair:5)
  A shock serpent (shapeshifter) (Lair:5)
  8 shock serpents
  2 tengu warriors
  Urug (D:11)
  6 orc high priests (Orc:2)
  3 occultists (D:15)
  9 naga sharpshooters
  A thrashing horror (Lair:5)
  A salamander mystic (Snake:4)
  3 skysharks
  Lodul (D:10)
  7 mana vipers
  6 arcanists
  A necromancer (D:15)
  An orange crystal statue (IceCv)
  5 naga ritualists
  7 orc knights
  2 lindwurms (Lair:5)
  3 deep elf pyromancers
  10 ugly things
  5 cyclopes
  3 manticores
  5 orc sorcerers
  14 elephants
  8 salamanders
  4 meliai
  A meliai (shapeshifter) (Lair:5)
  12 naga magi
  36 black mambas
  A centaur zombie (D:15)
  2 kobold blastminers (Orc:1)
  9 cane toads
  A torpor snail (Lair:4)
  2 guardian serpents
  A smoke demon (Orc:2)
  A gargoyle (D:12)
  6 storm dragon simulacra (IceCv)
  2 centaur skeletons (D:15)
  3 yaktaurs (D:15)
  A kobold demonologist (D:12)
  5 komodo dragons
  3 golden dragon simulacra (IceCv)
  3 tengu conjurers
  A rime drake (D:8)
  An efreet (D:15)
  A komodo dragon (shapeshifter) (D:15)
  A merfolk (D:12)
  9 trolls
  7 polar bears
  17 blink frogs
  A snapping turtle (Lair:2)
  6 dream sheep
  2 raiju (Lair:5)
  A centaur simulacrum (D:14)
  2 slime creatures (D:15)
  A spriggan (Lair:1)
  A water elemental (Lair:2)
  71 yaks
  A vampire (D:11)
  A yak (shapeshifter) (D:15)
  A human (shapeshifter) (Lair:5)
  A warg (Orc:2)
  5 wyverns
  Grum (D:10)
  7 basilisks
  A fire bat (Lair:4)
  A steam dragon (D:9)
  A neqoxec (Orc:2)
  8 vampire mosquitoes
  13 water moccasins
  33 nagas
  Duvessa (D:7)
  A sky beast (D:7)
  An acid dragon (D:12)
  28 orc warriors
  5 ice beasts
  4 black bears
  17 ogres
  21 wolves
  6 ice dragon simulacra (IceCv)
  10 small abominations (Lair:5)
  2 laughing skulls
  14 centaurs
  A phantom (D:4)
  4 kobold brigands
  Blork the orc (D:5)
  A brain worm (shapeshifter) (D:15)
  18 bullfrogs
  A scorpion (D:4)
  A gnoll sergeant (D:7)
  23 wights
  Dowan (D:7)
  16 killer bees
  6 lindwurm simulacra (IceCv)
  3 howler monkeys
  5 electric eels
  2 lava snakes (Lair:3)
  4 bombardier beetles
  4 hounds
  22 orc priests
  4 jellies
  2 sleepcaps
  A gnoll bouda (D:7)
  6 iguanas
  12 orc wizards
  A boggart zombie (D:15)
  18 gnolls
  7 adders
  2 white imps
  3 dart slugs
  A ribbon worm (D:2)
  80 orcs
  10 endoplasms
  2 giant cockroaches
  7 goblins
  8 hobgoblins
  17 kobolds
  4 quokkas
  9 ball pythons
  6 bats
  A frilled lizard (D:1)
  4 rats
883 creatures vanquished.

Vanquished Creatures (collateral kills)
  An orc high priest (Orc:2)
  2 thrashing horrors (Lair:5)
  A large abomination (Lair:5)
  2 orc sorcerers (Orc:2)
  A smoke demon (Lair:5)
  A blink frog (Lair:5)
  3 dream sheep (Lair:4)
  2 spriggans (Lair:5)
  2 fire bats (Lair:4)
  A chaos spawn (Lair:5)
  4 orc warriors (Orc:2)
  A small abomination (Lair:5)
  2 wolves (Lair:4)
23 creatures vanquished.

Vanquished Creatures (others)
  A centaur warrior (D:15)
  A naga mage (Snake:1)
  A tengu conjurer (D:14)
  A meliai simulacrum (D:15)
  An ogre (D:15)
  A bullfrog (Lair:4)
  3 orcs (D:15)
9 creatures vanquished.

Grand Total: 915 creatures vanquished

Notes
Turn   | Place    | Note
-------+----------+-------------------------------------------
     0 | D:1      | cdecastro the Draconian Shapeshifter began the quest for
                  | the Orb.
     0 | D:1      | Reached XP level 1. HP: 16/16 MP: 1/1
   194 | D:1      | Reached XP level 2. HP: 19/23 MP: 2/2
   412 | D:1      | Found a faded altar of an unknown god.
   447 | D:1      | Prayed at the altar of an unknown god.
   447 | D:1      | Became a worshipper of Trog the Wrathful
   447 | D:1      | Reached * piety under Trog
   668 | D:2      | Reached XP level 3. HP: 24/28 MP: 3/3
  1135 | D:2      | Reached XP level 4. HP: 16/36 MP: 4/4
  2008 | D:3      | Reached ** piety under Trog
  2129 | D:3      | Found a stormy altar of Qazlal.
  2391 | D:3      | Found Golauqurch's Magic Scroll Shop.
  2399 | D:3      | Bought a scroll of teleportation for 39 gold pieces
  2399 | D:3      | Bought a scroll of identify for 26 gold pieces
  2424 | D:3      | Reached XP level 5. HP: 32/42 MP: 5/5
  2862 | D:4      | Reached skill level 5 in Shapeshifting
  2949 | D:4      | Reached XP level 6. HP: 30/51 MP: 6/6
  3047 | D:4      | Found Ripuunih's Self-Published Books.
  3362 | D:4      | Identified the +8 great sword of Wixedush {heavy, rN++
                  | Str-4 Dex+3}
  3459 | D:4      | Found a staircase to the Ecumenical Temple.
  3758 | D:5      | Entered Level 5 of the Dungeon
  3760 | D:5      | Noticed Blork the orc
  3765 | D:5      | Killed Blork the orc
  3768 | D:5      | Your scales start taking on a dull iron-grey colour.
  3768 | D:5      | Reached XP level 7. HP: 59/59 MP: 7/7
  3974 | D:5      | Reached skill level 1 in Long Blades
  3975 | D:5      | Reached skill level 2 in Long Blades
  4217 | D:5      | Reached XP level 8. HP: 66/66 MP: 8/8
  4285 | D:5      | Reached skill level 3 in Long Blades
  4521 | D:5      | Reached skill level 4 in Long Blades
  4746 | D:3      | Bought a scroll of noise for 13 gold pieces
  4746 | D:3      | Bought a scroll of fog for 52 gold pieces
  4746 | D:3      | Bought a scroll of vulnerability for 52 gold pieces
  4816 | Temple   | Entered the Ecumenical Temple
  4974 | D:6      | Reached *** piety under Trog
  5510 | D:6      | Reached skill level 5 in Long Blades
  5534 | D:6      | Found a blossoming altar of Fedhas.
  5539 | D:6      | Found a glowing golden altar of the Shining One.
  5540 | D:6      | Found a shimmering altar of Xom.
  5542 | D:6      | Found an iron altar of Okawaru.
  5542 | D:6      | Found a sparkling altar of Nemelex Xobeh.
  5543 | D:6      | Found a bloodstained altar of Trog.
  5549 | D:6      | Found a hazy altar of Hepliaklqana.
  5618 | D:6      | Reached XP level 9. HP: 71/71 MP: 9/9
  6119 | D:7      | Reached skill level 10 in Shapeshifting
  6447 | D:7      | Reached skill level 6 in Long Blades
  6464 | D:7      | Identified the +3 leather armour "Esegeare" {Rampage Regen+
                  | Int-3}
  6468 | D:7      | Noticed Duvessa
  6489 | D:7      | Noticed Dowan
  6491 | D:7      | Killed Dowan
  6816 | D:7      | Reached **** piety under Trog
  7047 | D:7      | Killed Duvessa
  7208 | D:8      | Noticed an orc sorcerer
  7209 | D:8      | Paralysed by an orc sorcerer for 5 turns
  7216 | D:8      | Noticed an orange demon
  7218 | D:8      | Killed an orc sorcerer
  7219 | D:8      | Reached skill level 5 in Fighting
  7219 | D:8      | Reached skill level 7 in Long Blades
  7219 | D:8      | Reached XP level 10. HP: 43/81 MP: 10/10
  7423 | D:8      | Found a staircase to the Lair.
  7644 | D:8      | Identified the +7 triple crossbow "Nusat" {drain, rN+}
  8068 | D:8      | Noticed an arcanist
  8072 | D:8      | Killed an arcanist
  8073 | D:8      | Reached skill level 8 in Long Blades
  8682 | D:9      | Found a flagged portal.
  8690 | Bailey   | Entered a bailey
  8881 | Bailey   | Noticed an orc knight
  8907 | Bailey   | Killed an orc knight
  9197 | Bailey   | Acquired the amulet "Debun" {Acrobat +Inv rElec MP-9}
  9429 | D:9      | Reached ***** piety under Trog
  9439 | D:9      | Reached XP level 11. HP: 92/99 MP: 2/11
  9524 | D:9      | Reached skill level 9 in Long Blades
  9525 | D:9      | Reached skill level 10 in Fighting
  9921 | D:9      | Noticed a two-headed ogre
  9924 | D:9      | Killed a two-headed ogre
 10269 | D:10     | Entered Level 10 of the Dungeon
 10339 | D:10     | Noticed a deep elf pyromancer
 10357 | D:10     | Killed a deep elf pyromancer
 10367 | D:10     | Noticed an arcanist
 10376 | D:10     | Noticed an arcanist
 10378 | D:10     | Killed an arcanist
 10381 | D:10     | Killed an arcanist
 10382 | D:10     | Reached skill level 10 in Long Blades
 10393 | D:10     | Got the Grimoire of Combed Thunderclap
 10400 | D:10     | Noticed an arcanist
 10403 | D:10     | Killed an arcanist
 10408 | D:10     | Got the Anthology of Dhcmrlchtdj
 10415 | D:10     | Got Ts'ui Pên's Spellbook of Forking Paths
 10504 | D:10     | You are sucked into a shaft and drop 1 floor!
 10534 | D:11     | Noticed Lodul
 10806 | D:10     | Noticed Grum
 10814 | D:10     | Killed Grum
 11009 | D:11     | Found a portal to a secret trove of treasure.
 11134 | D:11     | Reached skill level 1 in Evocations
 11214 | D:11     | Noticed Urug
 11361 | D:3      | Bought a scroll of teleportation for 39 gold pieces
 11361 | D:3      | Bought a scroll of identify for 26 gold pieces
 11361 | D:3      | Bought a scroll of teleportation for 39 gold pieces
 11361 | D:3      | Bought a scroll of identify for 26 gold pieces
 11361 | D:3      | Bought a scroll of identify for 26 gold pieces
 11361 | D:3      | Bought a scroll of identify for 26 gold pieces
 11514 | D:11     | Identified the +0 chain mail of Noutse {rPois Int+3}
 11556 | D:11     | Killed Urug
 11557 | D:11     | Reached XP level 12. HP: 85/113 MP: 3/12
 11734 | D:11     | Identified the +6 whip of Evolution {holy, rPois rF+}
 11747 | D:10     | Killed Lodul
 11760 | D:10     | Reached skill level 5 in Evocations
 12179 | D:11     | Reached skill level 11 in Long Blades
 12184 | D:11     | Received a gift from Trog
 12483 | D:12     | Identified the +6 orcbow of the Howling One {freeze, rC+
                  | rN+ Str+2}
 12922 | D:12     | Identified the +5 trident of Uskayaw's Vengeance {heavy,
                  | MP+9 Str+5}
 13422 | D:12     | Found a staircase to the Orcish Mines.
 13810 | D:13     | Identified the staff "Woimah" {rN+ Dex+3 Necro Ice}
 13905 | D:13     | Noticed a tengu warrior
 13924 | D:13     | Killed a tengu warrior
 14143 | D:13     | Found a blossoming altar of Fedhas.
 14319 | D:13     | Noticed a four-headed hydra
 14385 | Orc:1    | Entered Level 1 of the Orcish Mines
 14500 | Orc:1    | Found Ehehoh's Antique Weapon Emporium.
 14592 | Orc:1    | Reached skill level 12 in Long Blades
 15258 | Orc:2    | Entered Level 2 of the Orcish Mines
 15409 | Orc:2    | Found a staircase to the Elven Halls.
 15420 | Orc:2    | Noticed an ettin
 15426 | Orc:2    | Killed an ettin
 15936 | Orc:2    | Found Zenweruph's Antique Armour Emporium.
 16157 | Orc:2    | Received a gift from Trog
 16179 | Orc:2    | Reached XP level 13. HP: 119/119 MP: 4/13
 16549 | Orc:2    | Found Bownuoc's General Store.
 16569 | Orc:2    | Found Tezxoupt's Magic Scroll Boutique.
 16652 | Orc:2    | Bought a scroll of brand weapon for 142 gold pieces
 16652 | Orc:2    | Bought a potion of heal wounds for 75 gold pieces
 16652 | Orc:2    | Bought a scroll of identify for 30 gold pieces
 16652 | Orc:2    | Bought a scroll of teleportation for 45 gold pieces
 16661 | Orc:2    | Bought a scroll of silence for 114 gold pieces
 16661 | Orc:2    | Bought a scroll of enchant weapon for 90 gold pieces
 16661 | Orc:2    | Bought a scroll of identify for 24 gold pieces
 16661 | Orc:2    | Bought a scroll of identify for 24 gold pieces
 16661 | Orc:2    | Bought a scroll of identify for 24 gold pieces
 16661 | Orc:2    | Bought a scroll of teleportation for 36 gold pieces
 16661 | Orc:2    | Bought a scroll of noise for 12 gold pieces
 16661 | Orc:2    | Bought a scroll of immolation for 48 gold pieces
 16661 | Orc:2    | Bought a scroll of poison for 48 gold pieces
 16717 | Orc:2    | Reached skill level 10 in Evocations
 17039 | Orc:2    | Gained mutation: Your body sometimes deteriorates upon
                  | taking damage. [a neqoxec]
 17139 | Orc:2    | Paralysed by an orc sorcerer for 5 turns
 17485 | Orc:2    | Reached skill level 13 in Long Blades
 17743 | Orc:2    | Found Vujan's Antique Weapon Emporium.
 17743 | Orc:2    | Found Riggolumn's Jewellery Shoppe.
 17744 | Orc:2    | Found a one-way gate leading to the halls of Pandemonium.
 18638 | D:13     | Noticed Frances
 18652 | D:13     | Killed Frances
 19447 | D:14     | Found an ancient bone altar of Kikubaaqudgha.
 20645 | D:14     | Reached XP level 14. HP: 108/127 MP: 14/14
 20769 | D:14     | Reached skill level 14 in Long Blades
 21051 | D:14     | Found a gate to the Vaults.
 21127 | D:14     | Found Kont's Jewellery Emporium.
 21266 | D:14     | Bought a +5 ring of evasion for 468 gold pieces
 21304 | D:15     | Entered Level 15 of the Dungeon
 21699 | Lair:1   | Entered Level 1 of the Lair of Beasts
 23094 | Lair:2   | Found a staircase to the Shoals.
 24012 | Lair:3   | Noticed Fannar
 24026 | Lair:3   | Killed Fannar
 24027 | Lair:3   | Reached skill level 5 in Dodging
 24705 | Lair:3   | Reached skill level 15 in Long Blades
 25366 | Lair:3   | Found a staircase to the Snake Pit.
 25939 | Lair:3   | Received a gift from Trog
 26475 | Lair:4   | Found a transporter.
 26475 | Lair:4   | Found a transporter.
 26476 | Lair:4   | Noticed rodbeard's ghost (journeyman FoFi)
 26540 | Lair:4   | Noticed Nessos
 26550 | Lair:4   | Killed Nessos
 26817 | Lair:4   | Reached XP level 15. HP: 84/134 MP: 15/15
 27179 | Lair:5   | Entered Level 5 of the Lair of Beasts
 28239 | Lair:5   | Found a staircase to the Slime Pits.
 28456 | Lair:5   | Found a shadowy altar of Dithmenos.
 28755 | Lair:5   | Reached skill level 16 in Long Blades
 29033 | Lair:5   | Reached skill level 10 in Dodging
 29389 | Lair:5   | Received a gift from Trog
 29803 | Lair:5   | Found a corrupted altar of Lugonu.
 29803 | Lair:5   | Found a one-way gate to the infinite horrors of the Abyss.
 30278 | Orc:2    | Bought a ring of willpower for 350 gold pieces
 30634 | Lair:5   | Fell from the grace of Trog
 30634 | Lair:5   | Became a worshipper of Lugonu the Unformed
 31519 | D:15     | Reached * piety under Lugonu
 32447 | D:15     | Found a staircase to the Depths.
 33289 | Snake:1  | Entered Level 1 of the Snake Pit
 33329 | Snake:1  | Identified the serpent talisman "Qoumamots" {rF+ rCorr
                  | Str+4 Dex-4}
 33329 | Snake:1  | Noticed Aizul
 33421 | Snake:1  | Reached XP level 16. HP: 109/135 MP: 7/16
 33833 | Snake:1  | Reached ** piety under Lugonu
 34260 | Snake:1  | Killed Aizul
 34268 | Snake:1  | Found Cul Dahal's Magic Scroll Boutique.
 34272 | Snake:1  | Found Kesucamm's Magic Scroll Shop.
 34280 | Snake:1  | Bought a scroll of revelation for 127 gold pieces
 34795 | Snake:2  | Found a glacial archway.
 34804 | Snake:2  | Identified the +8 war axe "Qesinoy" {holy, rN+++ Int+4
                  | Dex-5}
 34810 | IceCv    | Entered an ice cave
 36036 | IceCv    | Reached skill level 1 in Invocations
 36295 | IceCv    | Reached *** piety under Lugonu
 36540 | IceCv    | Identified the +0 pair of gloves of Greed {Regen+ Dex+2}
 36549 | IceCv    | Identified the ring "Neppuf" {MP+9 Stlth+}
 37135 | Snake:2  | Reached skill level 5 in Invocations
 37593 | Snake:2  | Got the Grimoire of the Gaseous Crypt
 37767 | Snake:2  | Found Idath's Assorted Antiques.
 38030 | Snake:2  | Paralysed by Trog for 6 turns
 38682 | Snake:3  | Found an ancient bone altar of Kikubaaqudgha.
 39025 | Snake:3  | Reached **** piety under Lugonu
 39500 | Snake:4  | Entered Level 4 of the Snake Pit
 39815 | Snake:4  | Reached XP level 17. HP: 151/154 MP: 13/22
 40366 | Snake:4  | Reached skill level 15 in Fighting
 40376 | Snake:4  | Reached ***** piety under Lugonu
 40463 | Snake:4  | Paralysed by Trog for 3 turns
 41132 | Snake:4  | Killed from afar by a salamander tyrant

Illustrated notes

Levels and vault maps discovered:
D:1:      eino_arrival_water_cross, layout_rooms,
          dreamdust_ecumenical_altar_angels_and_demons
D:2:      layout_loops_cross, serial_co_window_serial, co_window_paths_b,
          co_window_paths_b, co_window_corner_a, co_window_of_opportunity_a,
          co_window_corner_a, co_window_unsneaky_path_c, co_window_cross_2,
          co_window_corner_ca, co_window_cross_2, co_window_unsneaky_path_c,
          co_window_4corner_a, co_window_4corner_b, glass_columns_b,
          glass_columns_a, glass_columns_a, glass_columns_c, glass_columns_c,
          minmay_tetromino_o2
D:3:      layout_basic, mainiacjoe_overflow_24_doors, serial_shops, shop
D:4:      layout_basic, minmay_temple_entry_water_ring, nicolae_custom_books
D:5:      layout_basic, uniq_blork_the_orc
D:6:      layout_loops_ring, nicolae_overflow_hallway_of_the_gods
D:7:      layout_basic, uniq_duvessa
D:8:      cheibrodos_wizards_tower, layout_basic, hellmonk_lair_entry_icy
D:9:      layout_basic, enter_bailey_2
D:10:     layout_roguey, bh_hangedman_babel_library, uniq_grum
D:11:     layout_cave_pools, trove_entry_hex_spiral,
          dreamdust_princess_corridor, uniq_urug, uniq_lodul
D:12:     layout_loops_cross, chequers_serial_rivers_small_3,
          hangedman_fish_farm
D:13:     layout_cave_pods, fedhas_bush_and_centaur_altar, uniq_frances
D:14:     layout_cross, david_vaults_1, nicolae_kikubaaqudgha_miasma_corner,
          serial_shops, nicolae_shop_gaudy_bauble
D:15:     grunt_enter_depths_magical_seal, layout_layer_cave, special_room
          [special_room_orc], onia_ninara_cookie
Temple:   dpeg_chambers_temple
Lair:1:   layout_misc_corridors, grunt_forest_large_clearing_hut,
          lemuel_fruit_fields, infiniplex_staircase_pool_2
Lair:2:   layout_cave_pods, minmay_shoals_entry_hut,
          nicolae_quartered_pool_impasse, serial_bayou_shore_a
Lair:3:   layout_loops_ring, nicolae_snake_entry_warm_welcome,
          serial_bayou_ford_a, nicolae_lair_grazing_beasts
          [nicolae_sub_lair_graze_edge, nicolae_sub_lair_graze_edge,
          nicolae_sub_lair_graze_edge, nicolae_sub_lair_graze_edge],
          lemuel_fruit_fields, lemuel_fruit_fields, uniq_fannar
Lair:4:   wander_river, layout_gridlike, gammafunk_ghost_hive,
          serial_bayou_pond_e, chequers_serial_rivers_micro_d, uniq_nessos
Lair:5:   hellmonk_lair_end_abyssal_woods, layout_cave_pods,
          nicolae_slime_entry_slimehenge, nicolae_volcano_entry_batcave,
          basic_altar, chequers_serial_rivers_room_a
Snake:1:  layout_rooms, grunt_megastairs_5, minmay_shoptagon, lemuel_fruit_tree,
          uniq_aizul
Snake:2:  layout_concentric_octagons, portal_ice_cave_entry_pillars_1,
          serial_shops, nicolae_shop_rolling_square
Snake:3:  layout_honeycomb, basic_altar, grunt_ministairs_11
Snake:4:  hellmonk_snake_rune_quicksilver_temple, layout_basic
Orc:1:    layout_diamond_mine, serial_shops, nicolae_shop_rolling_square
Orc:2:    pf_orc_diabolical, layout_caves, serial_shops, shop

Skill      XL: |  1  2  3  4  5  6  7  8  9 10 11 12 13 14 15 16 17 |
---------------+----------------------------------------------------+-----
Shapeshifting  | 4 5 6 7 9 10 | 10.8
Fighting       | 2 3 4 5 9 12 14 15 | 15.2
Long Blades    | 2 5 7 8 10 12 13 15 16 | 16.0
Evocations     | 4 9 13 | 13.2
Dodging        | 8 13 14 | 14.6
Invocations    | 7 |  7.1
Unarmed Combat | |  3.4

Action                     |  1- 3 |  4- 6 |  7- 9 | 10-12 | 13-15 | 16-18 || total
---------------------------+-------+-------+-------+-------+-------+-------++-------
  Melee: Unarmed           |   103 |    90 |       |       |       |       ||   193
         Tailslap          |    11 |     8 |    14 |    35 |   239 |   144 ||   451
         Punch             |     1 |     1 |       |       |    32 |    32 ||    66
         Great sword       |       |    18 |   161 |   379 |    28 |       ||   586
         Double sword      |       |       |       |       |  1149 |   733 ||  1882
         Dagger            |       |       |       |       |    12 |       ||    12
   Fire: Triple crossbow   |       |       |       |    14 |       |       ||    14
         Orcbow            |       |       |       |    30 |    61 |       ||    91
 Invoke: Berserk           |       |       |     1 |     3 |     2 |       ||     6
         Trog's Hand       |       |       |     1 |       |       |       ||     1
         Brothers in Arms  |       |       |       |       |     9 |       ||     9
Ability: Evoke Invisibilit |       |       |       |       |     2 |     1 ||     3
  Evoke: Wand              |       |       |     4 |       |     9 |     5 ||    18
         Lightning rod     |       |       |       |     2 |       |       ||     2
    Use: Scroll            |       |       |     7 |    11 |    11 |       ||    29
         Potion            |       |       |     1 |       |     3 |     1 ||     5
   Stab: Sleeping          |       |     2 |     2 |     3 |       |     1 ||     8
         Paralysed         |       |       |     3 |       |     2 |       ||     5
         Distracted        |       |       |       |       |     1 |       ||     1
         Invisible         |       |       |       |       |    13 |     2 ||    15
 Armour: Skin              |    55 |    56 |   231 |   425 |   882 |   282 ||  1931
  Dodge: Dodged            |    59 |    82 |   179 |   375 |  1419 |   819 ||  2933
         Repelled          |       |       |       |       |     6 |    22 ||    28
         Form:             |       |       |       |       |     1 |       ||     1
         Beast             |       |       |       |       |     1 |       ||     1
